 Dungeon Crawl Stone Soup version 0.27.0-1-g7a089689b8 (webtiles) character file.

Game seed: 12889570353396594330

16 hawla the Grave Robber (level 2, 0/16 HPs)
             Began as a Deep Elf Necromancer on Aug 5, 2021.
             Slain by a jackal (1 damage)
             ... on level 1 of the Dungeon.
             The game lasted 00:02:23 (192 turns).

hawla the Grave Robber (Deep Elf Necromancer)        Turns: 192, Time: 00:02:24

Health: 0/16       AC:  2    Str:  5    XL:     2   Next: 37%
Magic:  3/8        EV: 13    Int: 19    God:
Gold:   45         SH:  0    Dex: 15    Spells: 6/7 levels left

rFire    . . .     SeeInvis .   (no weapon)
rCold    . . .     Faith    .   (no shield)
rNeg     . . .     Spirit   .   a - +0 robe
rPois    +         Reflect  .   (no helmet)
rElec    .         Harm     .   (no cloak)
rCorr    .         Rampage  .   (no gloves)
Will     .....                  (no boots)
Stlth    ++........             (no amulet)
HPRegen  0.05/turn              (no ring)
MPRegen  0.11/turn              (no ring)

@: no status effects
A: poison resistance
a: no special abilities


You were on level 1 of the Dungeon.
You visited 1 branch of the dungeon, and saw 1 of its levels.

You collected 45 gold pieces.

Inventory:

Armour
 a - a +0 robe (worn)


   Skills:
 + Level 0.6 Fighting
 + Level 2.9 Dodging
 + Level 2.9 Stealth
 - Level 3.0 Spellcasting
 - Level 5.0 Necromancy


You had 6 spell levels left.
You knew the following spells:

 Your Spells              Type           Power      Damage    Failure   Level
a - Pain                  Necr           84%        1d8       1%          1

Your spell library contained the following spells:

 Spells                   Type           Power      Damage    Failure   Level
 Animate Skeleton         Necr           42%        N/A       1%          1
 Vampiric Draining        Necr           10%        2d7       6%          3
 Animate Dead             Necr           10%        N/A       19%         4
 Agony                    Necr           21%        N/A       47%         5


Dungeon Overview and Level Annotations

Branches:
Dungeon (1/15)

Altars:


Innate Abilities, Weirdness & Mutations

Your system is resistant to poisons. (rPois)


Message History

Confirm with . or Enter, or press ? or * to list all spells.
Aiming: Pain (safe; 1% risk of failure)
Press: ? - help, Shift-Dir - straight line, f - kobold
Aim: a kobold, wielding a +0 short sword (chance to affect: 91%)
The kobold writhes in agony.
You kill the kobold!
The jackal barely misses you.
Casting: Pain (safe; 1% risk of failure)
Confirm with . or Enter, or press ? or * to list all spells.
Aiming: Pain (safe; 1% risk of failure)
Press: ? - help, Shift-Dir - straight line, f - jackal
Aim: a jackal (chance to affect: 91%)
The jackal writhes in agony.
The jackal bites you.
* * * LOW HITPOINT WARNING * * *
The jackal bites you.
* * * LOW HITPOINT WARNING * * *
The jackal bites you but does no damage.
As you read the scroll labelled JOCVIR MIR WOPT, it crumbles to dust.
You feel aware of your surroundings.
You sensed 1 shop/portal.
It was a scroll of magic mapping.
The jackal barely misses you. The jackal bites you.
* * * LOW HITPOINT WARNING * * *
The jackal closely misses you. The jackal barely misses you.
The jackal bites you but does no damage.
Casting: Pain (safe; 1% risk of failure)
Confirm with . or Enter, or press ? or * to list all spells.
Aiming: Pain (safe; 1% risk of failure)
Press: ? - help, Shift-Dir - straight line, f - jackal
Aim: a jackal (chance to affect: 91%)
The jackal writhes in agony.
The jackal misses you.
Casting: Pain (safe; 1% risk of failure)
Confirm with . or Enter, or press ? or * to list all spells.
Aiming: Pain (safe; 1% risk of failure)
Press: ? - help, Shift-Dir - straight line, f/p - jackal
Aim: a jackal (moderately wounded, chance to affect: 91%)
The jackal writhes in agony.
You kill the jackal!
The jackal bites you.
You die...

,,,,,**,..........#,,,,,,,,,,,,**
,,,,,**,..........#*,,,,,,,,,,,,,
,,,,,**,.........#**,,,.,,,,,,,,,
,,,,,***###.###).# **,..,,,,,,,,,
,,,*,** #,###.#####...,,,,,,,,,
,,,,,,* #.#...##......,,,,,,,,,
,,,,,,* #....r...#....,,,,,,,,,
,,P.,.#####.>..h#.......,,,,,,,,,
,...............@.......,,,>,,,,,
P.P...,......###........,,,,,,,,,
..P...###...............,,,,,,,,,
,PP...[...........###...,,,,,,,,,
###.....#.........#*,...,,,,,,,,,
...............##....#,.,,,,,,,,,
##.#........##.......>.,,,,,,,,,,
.........)#.####........,,,,,,,,,
*..#......#.#..,.....###,,,,,,,,,


You could see a quokka and a jackal.

Vanquished Creatures
  A gnoll (D:1)
  3 jackals (D:1)
  A ball python (D:1)
  A bat (D:1)
  A frilled lizard (D:1)
  2 kobolds (D:1)
9 creatures vanquished.

Notes
Turn   | Place    | Note
-------+----------+-------------------------------------------
     0 | D:1      | hawla the Deep Elf Necromancer began the quest for the Orb.
     0 | D:1      | Reached XP level 1. HP: 10/10 MP: 6/6
    68 | D:1      | Reached skill level 5 in Necromancy
    68 | D:1      | Reached XP level 2. HP: 14/16 MP: 5/8
   177 | D:1      | Found a faded altar of an unknown god.
   183 | D:1      | Gained mutation: Your system is resistant to poisons.
                  | (rPois) [potion of mutation]
   192 | D:1      | Slain by a jackal

Illustrated notes

Levels and vault maps discovered:
D:1:      lemuel_arrival_room, layout_rooms, serial_shops, nicolae_shop_stone,
          hellmonk_ecumenical_altar_dog_temple, minmay_hedge_maze,
          solitary_fountain, minmay_misc_feat_cross

Skill      XL: |  1 |
---------------+----+-----
Necromancy     | 5 |  5.0
Fighting       | |  0.6
Dodging        | |  2.9
Stealth        | |  2.9
Spellcasting   | |  3.0

Action                   || total
-------------------------++-------
Melee: Unarmed           ||     1
 Cast: Pain              ||    12
  Use: Scroll            ||     1
       Potion            ||     1
Armor: Robe              ||     2
Dodge: Dodged            ||    12
